 Dungeon Crawl Stone Soup version 0.23.1-38-g628c18f423 (webtiles) character file.

Game seed: 9485189515831783651

11080 Peloso the Carver (level 11, -1/97 HPs)
             Began as a Minotaur Fighter on Mar 29, 2019.
             Was a High Priest of Okawaru.
             Killed by divine providence
             ... invoked by an orc priest
              (14 damage)
             ... on level 11 of the Dungeon.
             The game lasted 00:26:16 (9849 turns).

Peloso the Carver (Minotaur Fighter)                Turns: 9849, Time: 00:26:16

Health: -1/97      AC: 22    Str: 29    XL:     11   Next: 44%
Magic:  8/10       EV: 12    Int:  5    God:    Okawaru [*****.]
Gold:   131        SH: 15    Dex: 12    Spells: 10/10 levels left

rFire    . . .     SeeInvis +   a - +7 scimitar "Earthworm" {venom, SInv}
rCold    . . .     Gourm    .   c - +0 shield
rNeg     . . .     Faith    .   I - +0 plate armour
rPois    .         Spirit   .   G - +2 hat {MR+}
rElec    .         Reflect  .   s - +2 cloak
rCorr    .         Harm     .   (no gloves)
MR       +....                  (no boots)
Stlth    ..........             (no amulet)
HPRegen  0.26/turn              u - +4 ring of strength
MPRegen  0.12/turn              g - +3 ring of strength

@: lethally poisoned (-1 -> -2), heroism
A: retaliatory headbutt, horns 2
a: Heroism, Finesse, Renounce Religion


You were on level 11 of the Dungeon.
You worshipped Okawaru.
Okawaru was extremely pleased with you.
You were not hungry.

You visited 1 branch of the dungeon, and saw 11 of its levels.

You collected 543 gold pieces.
You spent 412 gold pieces at shops.

Inventory:

Hand Weapons
 a - the +7 scimitar "Earthworm" (weapon) {venom, SInv}
   (You bought it in a shop on level 9 of the Dungeon)

   It poisons the flesh of those it strikes.
   It lets you see invisible.
 H - a +3 dagger of flaming
Armour
 b - a +0 scale mail
 c - a +0 shield (worn)
 j - a scarf of spirit shield
 s - a +2 cloak (worn)
 C - a +0 chain mail
 G - a +2 hat of magic resistance (worn)
 I - a +0 plate armour (worn)
Jewellery
 g - a +3 ring of strength (right hand)
 u - a +4 ring of strength (left hand)
 v - an uncursed ring of flight
 A - an uncursed ring of magical power
Wands
 h - a wand of iceblast (10)
 y - a wand of flame (16)
 E - a wand of disintegration (12)
 J - a wand of digging (6)
Scrolls
 e - 3 scrolls of fog
 k - 3 scrolls of enchant weapon
 l - 5 scrolls of teleportation
 m - a scroll of enchant armour
 n - 4 scrolls of blinking
 o - 3 scrolls of fear
 w - a scroll of magic mapping
 z - a scroll of amnesia
 B - 2 scrolls of remove curse
 F - 4 scrolls of identify
 K - a scroll of silence {unknown}
 L - a scroll of brand weapon {unknown}
Potions
 d - 3 potions of might
 i - 2 potions of invisibility
 p - 5 potions of brilliance
 q - 8 potions of curing
 r - a potion of berserk rage
 t - 3 potions of haste
 x - a potion of flight
 D - a potion of heal wounds {unknown}
Comestibles
 f - 25 rations
 M - 6 chunks of flesh


   Skills:
 + Level 9.5(14.5) Fighting
 + Level 12.4(17.4) Long Blades
   Level 1.8(6.8) Axes
 + Level 10.0(15.0) Armour
 + Level 4.1(9.1) Dodging
 + Level 2.3(7.3) Stealth
 + Level 11.3(16.3) Shields
 + Level 0.7 Invocations


You had 10 spell levels left.
You didn't know any spells.
Your spell library contained the following spells:

 Spells                   Type           Power        Failure   Level  Hunger
 Flame Tongue             Conj/Fire      #....        97%         1    ##.....
 Freeze                   Ice            #...         97%         1    ##.....
 Throw Flame              Conj/Fire      #.....       99%         2    ###....
 Throw Frost              Conj/Ice       #.....       99%         2    ###....
 Conjure Flame            Conj/Fire      #.......     100%        3    ####...
 Inner Flame              Hex/Fire       #.......     100%        3    ####...
 Ozocubu's Armour         Chrm/Ice       #.......     100%        3    ####...
 Sticky Flame             Conj/Fire      #.......     100%        4    #####..
 Summon Ice Beast         Ice/Summ       #.......     100%        4    #####..
 Throw Icicle             Conj/Ice       #.......     100%        4    #####..
 Fireball                 Conj/Fire      #.........   100%        5    ######.


Dungeon Overview and Level Annotations

Branches:
Dungeon (10/15)            Temple (0/1) D:6            Lair (0/6) D:9
    Orc: D:9-12

Altars:
Ashenzari
Cheibriados
Dithmenos
Fedhas
Kikubaaqudgha
Nemelex Xobeh
Okawaru
Ru
Trog
Zin
The Shining One
Beogh

Shops:
D:3 *   D:6 ?   D:9 (

Annotations:
D:8 3 runed translucent doors, Acheron's ghost, novice MiCK; Forgol's ghost, journeyman GrFi; PentaManta's ghost, novice KoHu; cada's ghost, novice GnSk; dracomuter's ghost, novice TrCK


Innate Abilities, Weirdness & Mutations

You reflexively headbutt those who attack you in melee.
You have a pair of horns on your head.


Message History

The shard of ice hits you!
* * * LOW HITPOINT WARNING * * *
You closely miss the deep elf mage.
The hippogriff screeches!
You headbutt the deep elf mage!
The deep elf mage is almost dead.
You block the jackal's attack.
You slash the deep elf mage!
You kill the deep elf mage!
Okawaru accepts your kill.
The ice beast disappears in a puff of smoke! x2
Your base Armour skill increases to level 10!
You feel sick. The jackal barely misses you.
Items here: $ ) [ † a +0 long sword; a +0 leather armour; 16 gold pieces; an elf corpse Unknown command.
An orc priest comes into view. It is wielding a +0 club.
The orc priest mumbles some strange prayers to Beogh against you.
Beogh smites you!
You die...

#..y .. ###..# ......
..#..# .....#
..#o.##."...#. .#
..'...........
H#..#... ...>... #..
#.)##.#.....
#+#####'###.".........
......§@..............
.......)#.#..†.......#
#######h#.....#...#..#
#†)..)......# ..
#.###.........
###.......#..##..
..............#..# ...
#####.........#..##.##
........÷.........


You could see a hippogriff, an orc priest and a jackal.

Vanquished Creatures
  A two-headed ogre (D:8)
  An unseen horror (D:11)
  An ugly thing (D:8)
  A deep elf mage (D:11)
  An oklob plant (D:10)
  Grinder (D:5)
  3 hippogriffs
  3 yaks (D:11)
  A wyvern (D:8)
  Sigmund (D:6)
  A hungry ghost (D:5)
  A soldier ant (D:8)
  6 ice beasts
  7 orc warriors
  4 sky beasts
  3 black bears
  2 phantoms (D:9)
  A necrophage (D:5)
  10 ogres
  6 centaurs
  Blork the orc (D:4)
  A big kobold (D:8)
  7 bullfrogs
  2 gnoll sergeants
  A scorpion (D:5)
  12 killer bees
  5 wights (D:7)
  6 howler monkeys
  An electric eel (D:8)
  5 crimson imps
  A quasit (D:9)
  13 jellies
  A hound (D:9)
  7 orc priests
  A centaur skeleton (D:9)
  Jessica (D:3)
  An iguana (D:9)
  6 orc wizards
  Terence (D:2)
  11 worker ants
  A hound skeleton (D:6)
  A howler monkey zombie (D:8)
  20 gnolls
  11 adders
  3 shadow imps
  19 oozes
  2 adder zombies
  An adder skeleton (D:8)
  4 worms
  2 dart slugs
  7 leopard geckos
  50 orcs
  8 bats
  4 giant cockroaches (D:3)
  8 goblins
  5 hobgoblins
  5 jackals
  5 quokkas
  2 ball pythons
  7 frilled lizards
  17 kobolds
  A leopard gecko skeleton (D:4)
  8 rats
330 creatures vanquished.

Vanquished Creatures (others)
  A human (D:4)
  An orc (D:11)
  6 fungi
  10 toadstools (D:2)
18 creatures vanquished.

Grand Total: 348 creatures vanquished

Notes
Turn   | Place    | Note
-------+----------+-------------------------------------------
     0 | D:1      | Peloso the Minotaur Fighter began the quest for the Orb.
     0 | D:1      | Reached XP level 1. HP: 19/19 MP: 0/0
   151 | D:1      | Reached XP level 2. HP: 27/27 MP: 1/1
   458 | D:2      | Found a shattered altar of Ashenzari.
   669 | D:2      | Noticed Terence
   676 | D:2      | Killed Terence
   676 | D:2      | Reached skill level 3 in Long Blades
   676 | D:2      | Reached XP level 3. HP: 23/33 MP: 2/2
   836 | D:2      | Reached XP level 4. HP: 40/40 MP: 3/3
   868 | D:2      | Reached skill level 4 in Long Blades
   868 | D:2      | Reached skill level 1 in Dodging
   868 | D:2      | Reached XP level 5. HP: 34/46 MP: 2/4
  1360 | D:3      | Found an iron altar of Okawaru.
  1367 | D:3      | Became a worshipper of Warmaster Okawaru
  1416 | D:3      | Found Zin's Purification Station.
  1418 | D:3      | Found a glowing silver altar of Zin.
  1769 | D:3      | Noticed Jessica
  1775 | D:3      | Killed Jessica
  1914 | D:3      | Reached XP level 6. HP: 31/53 MP: 2/5
  1946 | D:3      | Found a bloodstained altar of Trog.
  1964 | D:3      | Reached skill level 5 in Armour
  2060 | D:4      | Got a slimy war axe
  2061 | D:4      | Lost intelligence.
  2061 | D:4      | Identified the cursed +1 war axe of Zoedgh {chop, rF++
                  | Int-5 Dex+5} (You found it on level 4 of the Dungeon)
  2072 | D:4      | Found an ancient bone altar of Kikubaaqudgha.
  2135 | D:4      | Noticed Blork the orc
  2136 | D:4      | Reached skill level 5 in Long Blades
  2143 | D:4      | Killed Blork the orc
  2143 | D:4      | Reached skill level 1 in Axes
  2143 | D:4      | Reached skill level 5 in Shields
  2202 | D:4      | Found a sparkling altar of Nemelex Xobeh.
  2207 | D:4      | Noticed an ice beast
  2225 | D:4      | Killed an ice beast
  2225 | D:4      | Reached skill level 5 in Fighting
  2225 | D:4      | Reached XP level 7. HP: 16/61 MP: 2/6
  2468 | D:4      | Noticed a human
  2470 | D:4      | Killed a human
  2548 | D:4      | Reached * piety under Okawaru
  3086 | D:5      | Entered Level 5 of the Dungeon
  3458 | D:5      | Found a snail-covered altar of Cheibriados.
  3535 | D:5      | Reached skill level 6 in Long Blades
  3535 | D:5      | Reached skill level 1 in Stealth
  3802 | D:5      | Reached ** piety under Okawaru
  3802 | D:5      | Reached XP level 8. HP: 69/70 MP: 7/7
  4019 | D:5      | Found a glowing golden altar of the Shining One.
  4201 | D:5      | Reached skill level 7 in Long Blades
  4339 | D:5      | Noticed Grinder
  4347 | D:5      | Paralysed by Grinder for 7 turns
  4358 | D:5      | Paralysed by Grinder for 2 turns
  4365 | D:5      | Killed Grinder
  4887 | D:6      | Noticed Sigmund
  4900 | D:6      | Killed Sigmund
  5046 | D:6      | Found Safupum's Magic Scroll Boutique.
  5050 | D:6      | Reached *** piety under Okawaru
  5060 | D:6      | Reached skill level 8 in Long Blades
  5060 | D:6      | Reached XP level 9. HP: 61/78 MP: 3/8
  5261 | D:6      | Bought a scroll of identify for 28 gold pieces
  5261 | D:6      | Bought a scroll of identify for 28 gold pieces
  5261 | D:6      | Bought a scroll of immolation for 49 gold pieces
  5261 | D:6      | Bought a scroll of identify for 28 gold pieces
  5329 | D:6      | Found a sacrificial altar of Ru.
  5583 | D:6      | Found a staircase to the Ecumenical Temple.
  5776 | D:7      | Reached skill level 9 in Long Blades
  5869 | D:7      | Reached **** piety under Okawaru
  6082 | D:7      | Found a shadowy altar of Dithmenos.
  6734 | D:8      | Noticed a two-headed ogre
  6744 | D:8      | Killed a two-headed ogre
  6744 | D:8      | Reached ***** piety under Okawaru
  6744 | D:8      | Reached skill level 10 in Long Blades
  6744 | D:8      | Reached XP level 10. HP: 68/88 MP: 6/9
  6770 | D:8      | Noticed a purple ugly thing
  6794 | D:8      | Killed a purple ugly thing
  6794 | D:8      | Received a gift from Okawaru
  7190 | D:8      | Found a roughly hewn altar of Beogh.
  7591 | D:7      | Reached skill level 11 in Long Blades
  8052 | D:8      | Reached skill level 10 in Shields
  8146 | D:8      | Found an ancient bone altar of Kikubaaqudgha.
  8391 | D:8      | Found a runed translucent gate.
  8391 | D:8      | Found a runed translucent gate.
  8391 | D:8      | Noticed PentaManta's ghost (novice KoHu)
  8391 | D:8      | Noticed cada's ghost (novice GnSk)
  8391 | D:8      | Noticed dracomuter's ghost (novice TrCK)
  8392 | D:8      | Found a runed translucent gate.
  8392 | D:8      | Noticed Acheron's ghost (novice MiCK)
  8392 | D:8      | Noticed Forgol's ghost (journeyman GrFi)
  8632 | D:9      | Found Fatzosk's Antique Weapon Boutique.
  8745 | D:9      | Reached XP level 11. HP: 32/95 MP: 10/10
  9042 | D:9      | Bought an iridescent scimitar for 279 gold pieces
  9043 | D:9      | Identified the +7 scimitar "Earthworm" {venom, SInv} (You
                  | bought it in a shop on level 9 of the Dungeon)
  9217 | D:9      | Found a staircase to the Lair.
  9276 | D:9      | Found a bloodstained altar of Trog.
  9280 | D:9      | Found a blossoming altar of Fedhas.
  9523 | D:10     | Entered Level 10 of the Dungeon
  9654 | D:10     | Noticed an oklob plant
  9710 | D:10     | Killed an oklob plant
  9764 | D:10     | You fall through a shaft!
  9771 | D:11     | Reached skill level 12 in Long Blades
  9798 | D:11     | Noticed an unseen horror
  9818 | D:11     | Noticed a deep elf mage
  9824 | D:11     | Killed an unseen horror
  9847 | D:11     | Killed a deep elf mage
  9847 | D:11     | Reached skill level 10 in Armour
  9849 | D:11     | Killed from afar by an orc priest

Skill      XL: |  1  2  3  4  5  6  7  8  9 10 11 |
---------------+----------------------------------+-----
Armour         | 4 5 6 7 8 9 10 | 10.0
Fighting       | 4 5 6 8 9 |  9.5
Shields        | 4 5 6 7 9 10 11 | 11.3
Long Blades    | 3 4 5 6 8 10 11 12 | 12.4
Dodging        | 1 2 3 4 |  4.1
Axes           | 1 |  1.8
Stealth        | 1 2 |  2.3
Invocations    | |  0.7

Action                   |  1- 3 |  4- 6 |  7- 9 | 10-12 || total
-------------------------+-------+-------+-------+-------++-------
Melee: Long sword        |    61 |   131 |   327 |   263 ||   782
       Headbutt          |     9 |    32 |    95 |    97 ||   233
       War axe           |       |    21 |       |       ||    21
       Scimitar          |       |       |       |   105 ||   105
Invok: Heroism           |       |       |     5 |     2 ||     7
  Use: Scroll            |       |       |    17 |     1 ||    18
       Potion            |       |       |     1 |       ||     1
  Eat: Chunk             |       |     5 |     4 |    11 ||    20
       Ration            |       |       |     3 |       ||     3
Armor: Scale mail        |    27 |    67 |    68 |       ||   162
       Chain mail        |       |       |    61 |    27 ||    88
       Plate armour      |       |       |       |   121 ||   121
Dodge: Dodged            |    21 |    60 |   103 |   111 ||   295
Block: Shield            |    29 |    88 |   192 |   252 ||   561
       Rpst.: Long sword |     2 |    10 |    33 |    21 ||    66
       Scimitar          |       |       |       |     5 ||     5
